Description

Indy przykładopwy build

Replay - A.I. 1 (Very Easy) v Indy - Ascension to Aiur LE

Build Order

Get SALT Encoding   

  12  0:00  SCV  
  13  0:12  SCV  
  14  0:17  Supply Depot  
  14  0:24  SCV  
  15  0:32  Refinery  
  15  0:38  SCV  
  16  0:44  Barracks  
  16  0:50  SCV  
  17  1:03  SCV  
  18  1:15  SCV  
  19  1:31  Reaper, Orbital Command  
  20  1:44  Command Center  
  20  1:54  Factory  
  20  1:58  SCV  
  21  2:06  Supply Depot  
  21  2:10  SCV  
  21  2:12  Barracks Reactor  
  22  2:22  SCV  
  23  2:28  Bunker  
  24  2:45  Cyclone, Refinery  
  24  2:49  Marine x2  
  30  2:58  Orbital Command  
  31  3:07  Marine x2  
  34  3:19  Cyclone  
  37  3:24  Refinery  
  39  3:27  Marine x2  
  41  3:38  Starport  
  43  3:45  Supply Depot  
  44  3:51  Factory Tech Lab  
  44  3:52  Marine  
  46  3:56  Supply Depot  
  46  4:06  Marine  
  49  4:11  Siege Tank  
  49  4:14  Barracks, Medivac  
  54  4:21  Barracks  
  56  4:31  Marine  
  56  4:34  Supply Depot  
  60  4:44  Medivac  
  62  4:48  Siege Tank  
  62  4:56  Engineering Bay  
  64  5:07  Barracks x2  
  64  5:08  Barracks Tech Lab x2  
  64  5:20  Siege Tank  
  69  5:22  Terran Infantry Weapons Level 1  
  69  5:27  Marine, Stimpack  
  70  5:34  Starport Reactor  
  72  5:42  Refinery  
  76  5:44  Combat Shields  
  79  6:01  Siege Tank  
  86  6:05  Barracks Tech Lab  
  86  6:07  Barracks Reactor  
  86  6:19  Liberator x2  
  98  6:46  Marauder x2  
  106  6:56  Marauder  
  108  7:07  Marauder x2  
  116  7:17  Liberator x2, Marauder  
  117  7:34  Marauder  
  132  8:01  Command Center  
Spawning Tool Build Advisor. Get it on Overwolf

Go to:

Details

  • Created by: komarek45
  • Published on: Jul 17, 2018
  • Modified on: Jul 17, 2018
  • Patch: 4.0.0
Show
View Real Time Build Order
Export as new Build Order

Comments (0)

There are no comments. Be the first!

Create an account to comment!